 Dungeon Crawl Stone Soup version 0.21-a0-2-ge494091 (webtiles) character file.

63 mopl the Chopper (level 3, -10/31 HPs)
             Began as a Minotaur Chaos Knight on May 21, 2017.
             Killed by drain life
             ... invoked by a soul eater
             ... summoned by Xom
              (14 damage)
             ... on level 2 of the Dungeon.
             The game lasted 00:02:22 (1649 turns).

mopl the Chopper (Minotaur Chaos Knight)            Turns: 1649, Time: 00:02:23

Health: -10/31     AC:  8    Str: 16      XL:     3   Next: 87%
Magic:  2/2        EV:  6    Int:  9      God:
Gold:   115        SH:  0    Dex:  9 (10) Spells: 2/2 levels left

rFire    . . .     SeeInvis .   a - +0 hand axe (chaos)
rCold    . . .     Gourm    .   (no shield)
rNeg     . . .     Faith    .   m - +0 chain mail (curse)
rPois    .         Spirit   .   (helmet restricted)
rElec    .         Reflect  .   (no cloak)
rCorr    .         Harm     .   (no gloves)
MR       .....                  (no boots)
Stlth    ..........             (no amulet)
Regen    0.1/turn               (no ring)
MPRegen  0.1/turn               (no ring)

@: about to teleport, drained
A: retaliatory headbutt, horns 2
a: no special abilities


You were on level 2 of the Dungeon.
You were not hungry.

You visited 1 branch of the dungeon, and saw 2 of its levels.
You visited the Abyss 1 time.

You collected 115 gold pieces.

Inventory:

Hand Weapons
 a - a +0 hand axe of chaos (weapon)
 k - a +2 dagger of venom
Armour
 b - a +2 leather armour
 m - a cursed +0 chain mail (worn)
Scrolls
 d - a scroll of remove curse {unknown}
 e - a scroll of fog {unknown}
 g - 2 scrolls of teleportation
 l - a scroll of identify {unknown}
 o - a scroll of immolation {unknown}
Potions
 f - a potion of flight {unknown}
 j - 2 potions of might {unknown}
Comestibles
 c - 2 bread rations
 h - a chunk of flesh
 i - 4 fruits
 n - 2 meat rations


   Skills:
 - Level 3.6(3.0) Fighting
 + Level 5.8(5.2) Axes
 - Level 2.4(1.8) Armour
 - Level 1.1(0.5) Dodging


You had 2 spell levels left.
You didn't know any spells.

Dungeon Overview and Level Annotations

Branches:
Dungeon (2/15)

Altars:

Annotations:
D:1 fly
D:2 1 runed door


Innate Abilities, Weirdness & Mutations

You reflexively headbutt those who attack you in melee.
You have a pair of horns on your head.


Message History

The quasit claws you but does no damage.
The quasit closely misses you. The shadow imp barely misses you.
The soul eater hits you!
Ouch! That really hurt!
You feel drained.
* * * LOW HITPOINT WARNING * * *
Unknown command.
You hit the soul eater but do no damage.
The soul eater is lightly wounded.
You closely miss the quasit.
Your chain mail prevents you from hitting the shadow imp.
You barely miss the quasit. You barely miss the ice devil.
Your chain mail prevents you from hitting the quasit.
The quasit barely misses you.
The quasit claws you but does no damage. x2
The quasit bites you but does no damage.
The quasit claws you but does no damage.
The quasit barely misses you. The shadow imp closely misses you.
The soul eater draws from the surrounding life force!
You die...

...##.# ##.##.# .# #
##.##.# #.#. ##.##.#
... ......# #.#
##.#### #.## #..#
#.5##
...###########535####
.............>55@45.+
...###########.55####
#..# ##.## ##.## #.#
#..## #.# #...# #.#
##.## #.# #.# #.# #.#


You could see a soul eater, an ice devil, 3 quasits, a white imp, 3 shadow imps
and an ufetubus.

Vanquished Creatures
  Terence (D:2)
  An adder (D:2)
  2 worms (D:2)
  A dart slug (D:1)
  A giant cockroach (D:1)
  A goblin (D:1)
  4 hobgoblins
  2 ball pythons (D:1)
  2 bats (D:2)
  7 kobolds
  7 rats
29 creatures vanquished.

Notes
Turn   | Place    | Note
-------+----------+-------------------------------------------
     0 | D:1      | mopl the Minotaur Chaos Knight began the quest for the Orb.
     0 | D:1      | Reached XP level 1. HP: 19/19 MP: 0/0
     0 | D:1      | Fell from the grace of Xom
    72 | D:1      | XOM: 2-stop teleportation journey
   138 | D:1      | Reached skill level 4 in Axes
   192 | D:1      | Cast into level 1 of the Abyss (Xom)
   271 | Abyss:1  | Noticed an orc sorcerer
   298 | D:1      | Escaped the Abyss
   409 | D:1      | Reached XP level 2. HP: 26/26 MP: 1/1
   424 | D:1      | XOM: mild Summ miscast
  1103 | D:2      | Reached skill level 5 in Axes
  1151 | D:2      | Reached XP level 3. HP: 25/31 MP: 2/2
  1318 | D:2      | Noticed Terence
  1339 | D:2      | Killed Terence
  1357 | D:2      | XOM: mild Necr miscast
  1566 | D:2      | Found a runed door.
  1645 | D:2      | XOM: summons 10 hostile demons
  1646 | D:2      | Noticed a soul eater
  1646 | D:2      | Noticed an ice devil
  1649 | D:2      | Killed from afar by a soul eater

Vault maps used:
D:1:      lemuel_arrival_lava_pool, minmay_misc_feat_four_crosses
D:2:      uniq_terence, uniq_crazy_yiuf_cottage

Skill      XL: |  1  2 |
---------------+-------+-----
Axes           | 4 5 |  5.8
Fighting       | |  3.6
Armour         | |  2.4
Dodging        | |  1.1

Action                   || total
-------------------------++-------
Melee: Hand axe          ||    52
       Headbutt          ||     7
       Dagger            ||     2
Invok: Renounce Religion ||     1
  Use: Scroll            ||     1
  Eat: Chunk             ||     2
Armor: Leather armour    ||    11
       Chain mail        ||    21
Dodge: Dodged            ||    41
